 Dungeon Crawl Stone Soup version 0.26-a0-1033-gd598b01645 (webtiles) character file.

Game seed: 13728742540475482269

49048 sokol815 the Basher (level 14, -1/91 HPs)
             Began as a Gargoyle Fighter on Dec 10, 2020.
             Was the Champion of Qazlal.
             Slain by a spriggan rider
             ... wielding the +6 spear of Gozag's Vengeance {vorpal, Will+}
              (17 damage)
             ... on level 1 of the Lair of Beasts.
             The game lasted 00:40:27 (16972 turns).

sokol815 the Basher (Gargoyle Fighter)             Turns: 16972, Time: 00:40:29

Health: -1/91      AC: 33    Str: 21    XL:     14   Next: 49%
Magic:  3/14       EV: 10    Int: 11    God:    Qazlal [******]
Gold:   876        SH: 21    Dex: 15    Spells: 13/13 levels left

rFire    . . .     SeeInvis +   a - +5 demon whip of Hubris {elec, rElec rC+ Int+2 Dex-3}
rCold    + . .     Faith    .   f - +0 kite shield
rNeg     + . .     Spirit   .   G - +4 ring mail of the Dolphin {Dex+5 SInv}
rPois    ∞         Reflect  .   R - +1 helmet
rElec    +         Harm     .   e - +0 cloak
rCorr    .         Rampage  .   q - +1 pair of gloves
Will     +++..                  (no boots)
Stlth    +.........             Y - amulet of magic regeneration
HPRegen  0.25/turn              N - ring of willpower
MPRegen  0.39/turn              r - ring of willpower

@: protected from physical damage, flying, repel missiles
A: big wings, yellow scales 1, blink, negative energy resistance 1, electricity
resistance, unbreathing, petrification resistance, rot immunity, AC +10
a: Stop Flying, Blink, Upheaval, Elemental Force, Disaster Area, Renounce
Religion


You were on level 1 of the Lair of Beasts.
You worshipped Qazlal.
Qazlal was exalted by your worship.
You visited 3 branches of the dungeon, and saw 17 of its levels.
You also visited: Sewer.

You collected 876 gold pieces.

Inventory:

Hand Weapons
 a - the +5 demon whip of Hubris (weapon) {elec, rElec rC+ Int+2 Dex-3}
   (You found it on level 8 of the Dungeon)

   Occasionally, upon striking a foe, it will discharge some electrical energy
   and cause terrible harm.
   It affects your intelligence (+2).
   It affects your dexterity (-3).
   It protects you from cold.
   It insulates you from electricity.
 c - the +9 hand crossbow of the Pyrrhic Victory {freeze, rElec Dex+2}
   (You found it on level 8 of the Dungeon)

   It causes projectiles fired from it to freeze those they strike, causing
   extra injury to most foes and up to half again as much damage against
   particularly susceptible opponents.
   They can also slow down cold-blooded creatures.
   It affects your dexterity (+2).
   It insulates you from electricity.
 n - a +3 short sword of venom
 Z - the +7 mace of Conformity {freeze, rElec Int+5}
   (You found it on level 6 of the Dungeon)

   It has been specially enchanted to freeze those struck by it, causing extra
   injury to most foes and up to half again as much damage against particularly
   susceptible opponents.
   It can also slow down cold-blooded creatures.
   It affects your intelligence (+5).
   It insulates you from electricity.
Missiles
 h - 93 bolts
Armour
 e - a +0 cloak (worn)
 f - a +0 kite shield (worn)
 q - a +1 pair of gloves (worn)
 G - the +4 ring mail of the Dolphin (worn) {Dex+5 SInv}
   (You found it on level 3 of the Lair of Beasts)

   It affects your dexterity (+5).
   It lets you see invisible.
 R - a +1 helmet (worn)
 X - the +1 plate armour of Calculation {rN+ Str+2}
   (You took it off an orc on level 8 of the Dungeon)

   It affects your strength (+2).
   It protects you from negative energy.
Jewellery
 m - an uncursed ring of fire
 p - an uncursed ring of magical power
 r - a ring of willpower (right hand)
 H - a +6 ring of intelligence
 N - a ring of willpower (left hand)
 Y - an amulet of magic regeneration (around neck)
Wands
 g - a wand of acid (11)
 l - a wand of paralysis (10)
 t - a wand of enslavement (6)
 w - a wand of flame (14)
 A - a wand of iceblast (5)
 B - a wand of random effects (30)
 J - a wand of disintegration (14)
 S - a wand of polymorph (6)
 V - a wand of digging (10)
Scrolls
 b - a scroll of fog
 s - 2 scrolls of fear
 u - 5 scrolls of remove curse
 v - 9 scrolls of teleportation
 y - 4 scrolls of blinking
 C - a scroll of enchant weapon
 D - 2 scrolls of identify
 I - 2 scrolls of enchant armour
 L - 4 scrolls of immolation
 M - a scroll of amnesia
 O - a scroll of holy word {unknown}
 P - 4 scrolls of magic mapping
Potions
 d - 6 potions of might
 i - a potion of resistance
 j - 15 potions of curing
 k - 2 potions of heal wounds
 o - a potion of cancellation
 x - 4 potions of attraction
 z - a potion of magic
 E - 2 potions of haste
 F - 3 potions of ambrosia
 K - a potion of brilliance
 Q - a potion of mutation
 U - a potion of invisibility
 W - 3 potions of lignification


   Skills:
 * Level 11.7 Fighting
 - Level 13.4 Maces & Flails
 - Level 10.0 Crossbows
 + Level 12.2 Armour
 + Level 12.3 Shields


You had 13 spell levels left.
You didn't know any spells.
Your spell library contained the following spells:

 Spells                   Type           Power        Failure   Level
 Irradiate                Conj/Tmut      #.........   100%        5
 Hydra Form               Tmut           #.........   100%        6
 Dragon Form              Tmut           #.........   100%        7
 Statue Form              Tmut/Erth      Unusable     N/A         6

Dungeon Overview and Level Annotations

Branches:
Dungeon (10/15)            Temple (1/1) D:6            Lair (6/6) D:10
 Shoals (0/4) Lair:3        Snake (0/4) Lair:4        Slime (0/5) Lair:6
  Sewer (visited)
    Orc: D:9-12

Altars:
Ashenzari
Cheibriados
Dithmenos
Elyvilon
Fedhas
Gozag
Hepliaklqana
Kikubaaqudgha
Nemelex Xobeh
Okawaru
Qazlal
Ru
Sif Muna
Trog
Uskayaw
Vehumet
Wu Jian
Xom
Yredelemnul
Zin
The Shining One

Annotations:
D:7 exclusion: oklob plant
Lair:1 1 transporter, ALWAYSlose's ghost, journeyman DsBe


Innate Abilities, Weirdness & Mutations

You are resistant to torment.
Your stone body is resilient. (AC +10)
You are immune to poison.
Your large and strong wings let you fly indefinitely.
You resist negative energy. (rN+)
You are resistant to electric shocks. (rElec)
You can survive without breathing.
You are immune to petrification.
You are immune to rotting.
You are partially covered in yellow scales. (AC +2)
You can translocate small distances at will.


Message History

The spriggan rider is splashed with acid.
The acid corrodes the spriggan rider!
The spriggan rider is moderately wounded.
The bolt of acid hits the spriggan!
The spriggan is splashed with acid.
The spriggan seems to be corroded for longer.
You kill the spriggan!
Qazlal accepts your kill.
The spriggan rider hits you but does no damage.
Evoke which item? (* to show all) (? for menu, Esc to quit)
Aiming: Corrosive Bolt
Press: ? - help, Shift-Dir - straight line, f - spriggan
Aim: a spriggan, wielding a +0 short sword, wearing a +0 robe and quivering 22 stones (57% to evade)
The bolt of acid hits the spriggan rider!
The spriggan rider is splashed with acid!
The spriggan rider seems to be corroded for longer.
The spriggan rider is heavily wounded.
The bolt of acid hits the spriggan!
The spriggan is splashed with acid.
The spriggan is severely wounded.
The spriggan rider hits you from afar with the +6 spear of Gozag's Vengeance {vorpal, Will+}!
You die...

#............###.ii###.........
#.##.#.#.##.###..i...##........
##.###..#.#..#####..####........
#..##.......##.#§#.## ###...>.##
#...#.......#..##.[|≈ #.#.....##
##.##.......#....._.###W#.....##
#.##.......#.○.#....i..#.....##
#..........##.##≈#...y##......#
#.#######P..#)@##.y...#......##
#.########..###)#....##......#.
#............###ii.###.........
#..............#####...........
#................©.............
#............=.................
#.................^.......|.###
#.P##.##'#.##........♣≈♣♣♣♣.##.
#..#####.####..####.≈≈≈≈≈P≈≈#≈.


You could see a spriggan rider (corroded) and a spriggan.

Vanquished Creatures
  3 hydras
  A boulder beetle (D:8)
  2 two-headed ogres
  A queen ant (Lair:3)
  4 death yaks (Lair:6)
  A fire crab (Lair:6)
  2 unseen horrors (D:8)
  An ugly thing (D:9)
  4 black mambas
  A merfolk siren (Lair:3)
  7 elephants
  2 torpor snails
  A gargoyle (D:10)
  11 cane toads
  8 komodo dragons
  5 rime drakes
  A merfolk (Lair:3)
  A troll (D:7)
  4 hornets
  4 polar bears (Lair:6)
  A slime creature (D:8)
  6 dream sheep (Lair:6)
  A meliai zombie (D:10)
  10 blink frogs
  Sigmund (D:3)
  8 wyverns
  18 spriggans
  A steam dragon (Lair:3)
  Eustachio (D:6)
  42 yaks
  3 basilisks
  Menkaure (D:4)
  15 soldier ants (Lair:3)
  12 water moccasins
  3 sky beasts
  3 orc warriors
  Duvessa (D:5)
  7 black bears
  4 boggarts (Lair:6)
  2 ice beasts
  6 ogres
  25 wolves
  2 phantoms
  6 centaurs
  14 bullfrogs
  3 big kobolds
  Dowan (D:5)
  3 scorpions
  2 water moccasin skeletons
  6 wights
  2 howler monkeys
  2 electric eels (Lair:1)
  A bullfrog zombie (D:6)
  A centaur zombie (D:10)
  5 hounds
  2 jellies
  3 orc priests
  2 bullfrog skeletons (D:5)
  8 iguanas
  Terence (D:2)
  Natasha (D:3)
  10 orc wizards
  34 worker ants
  4 hound skeletons
  8 gnolls
  18 adders
  4 shadow imps
  3 white imps
  2 ufetubi
  3 oozes
  An adder skeleton (D:9)
  An adder zombie (D:5)
  2 worms
  3 dart slugs
  2 leopard geckos
  32 orcs
  3 ball pythons
  8 bats
  7 giant cockroaches
  9 goblins
  11 hobgoblins
  13 jackals
  7 quokkas
  7 frilled lizards
  A giant cockroach zombie (D:5)
  A jackal skeleton (D:5)
  A jackal zombie (D:8)
  25 kobolds
  A quokka zombie (D:5)
  15 rats
536 creatures vanquished.

Vanquished Creatures (others)
  29 fungi
  47 plants
76 creatures vanquished.

Grand Total: 612 creatures vanquished

Notes
Turn   | Place    | Note
-------+----------+-------------------------------------------
     0 | D:1      | sokol815 the Gargoyle Fighter began the quest for the Orb.
     0 | D:1      | Reached XP level 1. HP: 14/14 MP: 1/1
   174 | D:1      | Reached XP level 2. HP: 17/19 MP: 2/2
   331 | D:1      | Reached skill level 3 in Maces & Flails
   352 | D:1      | Reached XP level 3. HP: 18/24 MP: 3/3
   964 | D:2      | Found a bloodstained altar of Trog.
  1172 | D:2      | Noticed Terence
  1185 | D:2      | Killed Terence
  1186 | D:2      | Reached XP level 4. HP: 28/29 MP: 4/4
  1233 | D:2      | Found a sparkling altar of Nemelex Xobeh.
  1451 | D:2      | Reached skill level 4 in Maces & Flails
  1510 | D:2      | Reached XP level 5. HP: 22/34 MP: 5/5
  2122 | D:3      | Noticed Sigmund
  2155 | D:3      | Killed Sigmund
  2156 | D:3      | Reached skill level 5 in Fighting
  2156 | D:3      | Reached skill level 5 in Maces & Flails
  2156 | D:3      | Reached XP level 6. HP: 25/40 MP: 6/6
  2336 | D:3      | Found a faded altar of an unknown god.
  2363 | D:3      | Gained mutation: You can translocate small distances at
                  | will. [potion of mutation]
  2363 | D:3      | Gained mutation: You are partially covered in yellow
                  | scales. (AC +2) [potion of mutation]
  2631 | D:3      | Noticed Natasha
  2639 | D:3      | Killed Natasha
  2927 | D:4      | Reached skill level 6 in Maces & Flails
  2927 | D:4      | Noticed a phantom
  2941 | D:4      | Reached XP level 7. HP: 40/44 MP: 7/7
  3042 | D:4      | Noticed Menkaure
  3050 | D:4      | Killed Menkaure
  3070 | D:4      | Reached skill level 7 in Maces & Flails
  3346 | D:4      | Found a white marble altar of Elyvilon.
  3539 | D:5      | Entered Level 5 of the Dungeon
  3549 | D:5      | Reached XP level 8. HP: 49/52 MP: 8/8
  3644 | D:5      | Reached skill level 8 in Maces & Flails
  4051 | D:5      | Noticed Duvessa
  4051 | D:5      | Noticed Dowan
  4085 | D:5      | Killed Duvessa
  4109 | D:5      | Killed Dowan
  4110 | D:5      | Reached skill level 9 in Maces & Flails
  4411 | D:5      | Reached XP level 9. HP: 58/58 MP: 9/9
  4900 | D:6      | Found a glowing drain.
  5099 | D:6      | Reached skill level 10 in Maces & Flails
  5121 | Sewer    | Entered a sewer
  5432 | D:6      | Got a brightly glowing mace
  5433 | D:6      | Identified the +7 mace of Conformity {freeze, rElec Int+5}
                  | (You found it on level 6 of the Dungeon)
  5461 | D:6      | Noticed Eustachio
  5516 | D:6      | Killed Eustachio
  5815 | D:6      | Found a shimmering altar of Xom.
  5851 | D:6      | Got a faintly glowing robe
  5862 | D:6      | Identified the +1 robe of Prudence {rN+ Will+ Int+4} (You
                  | found it on level 6 of the Dungeon)
  5937 | D:6      | Found an ornate altar of the Wu Jian Council.
  6115 | D:6      | Found a staircase to the Ecumenical Temple.
  6121 | Temple   | Entered the Ecumenical Temple
  6193 | Temple   | Became a worshipper of Qazlal Stormbringer
  6438 | D:7      | Noticed a troll
  6447 | D:7      | Killed a troll
  6448 | D:7      | Reached skill level 11 in Maces & Flails
  6485 | D:7      | Found a blossoming altar of Fedhas.
  6510 | D:7      | Noticed an oklob plant
  6559 | D:7      | Found an opulent altar of Gozag.
  6955 | D:7      | Reached XP level 10. HP: 63/66 MP: 10/10
  7373 | D:8      | Noticed a boulder beetle
  7376 | D:8      | Reached * piety under Qazlal
  7400 | D:8      | Killed an unseen horror
  7408 | D:8      | Reached skill level 12 in Maces & Flails
  7435 | D:8      | Killed a boulder beetle
  7436 | D:8      | Reached skill level 10 in Fighting
  7794 | D:8      | Killed an unseen horror
  7795 | D:8      | Reached skill level 13 in Maces & Flails
  7924 | D:8      | Identified the +1 plate armour of Calculation {rN+ Str+2}
  7966 | D:8      | Got a polished demon whip
  7977 | D:8      | Got an ichor-stained hand crossbow
  8002 | D:8      | Identified the +5 demon whip of Hubris {elec, rElec rC+
                  | Int+2 Dex-3} (You found it on level 8 of the Dungeon)
  8020 | D:8      | Identified the +9 hand crossbow of the Pyrrhic Victory
                  | {freeze, rElec Dex+2} (You found it on level 8 of the
                  | Dungeon)
  8116 | D:8      | Noticed a two-headed ogre
  8122 | D:8      | Killed a two-headed ogre
  8123 | D:8      | Reached skill level 1 in Crossbows
  8123 | D:8      | Reached XP level 11. HP: 41/72 MP: 11/11
  8308 | D:8      | Identified the +0 robe of Failure {rCorr Str+3}
  8620 | D:8      | Reached ** piety under Qazlal
  8751 | D:9      | Noticed a red ugly thing
  8751 | D:9      | Noticed a two-headed ogre
  8873 | D:9      | Found a bloodstained altar of Trog.
  8960 | D:9      | Killed a two-headed ogre
  9034 | D:9      | Reached skill level 5 in Shields
  9097 | D:9      | Killed a red ugly thing
  9098 | D:9      | Reached skill level 5 in Armour
  9717 | D:10     | Entered Level 10 of the Dungeon
 10065 | D:10     | Reached skill level 5 in Crossbows
 10237 | D:10     | Reached *** piety under Qazlal
 10256 | D:10     | Found a staircase to the Lair.
 10701 | Lair:1   | Entered Level 1 of the Lair of Beasts
 10779 | Lair:1   | Found a bloodstained altar of Trog.
 10779 | Lair:1   | Noticed ALWAYSlose's ghost (journeyman DsBe)
 10781 | Lair:1   | Noticed a moth of wrath
 10782 | Lair:1   | Noticed a moth of wrath
 10782 | Lair:1   | Identified the +6 spear of Gozag's Vengeance {vorpal,
                  | Will+}
 10782 | Lair:1   | Noticed a spriggan rider
 10795 | Lair:1   | Identified the +7 trident of the Sea {antimagic, Str+6
                  | Int-2 Stlth+}
 10795 | Lair:1   | Noticed a spriggan rider
 10798 | Lair:1   | Found a transporter.
 10800 | Lair:1   | Found a transporter.
 11064 | Lair:1   | Reached XP level 12. HP: 77/77 MP: 12/12
 11729 | Lair:2   | Got a bloodstained robe
 11730 | Lair:2   | Identified the +1 robe "Ferakhlo" {rPois} (You found it on
                  | level 2 of the Lair of Beasts)
 11882 | Lair:2   | Reached **** piety under Qazlal
 12561 | Lair:3   | Noticed a queen ant
 12579 | Lair:3   | Killed a queen ant
 12663 | Lair:3   | Got a fine ring mail
 12664 | Lair:3   | Identified the +4 ring mail of the Dolphin {Dex+5 SInv}
                  | (You found it on level 3 of the Lair of Beasts)
 12708 | Lair:3   | Reached ***** piety under Qazlal
 12906 | Lair:3   | Reached XP level 13. HP: 77/82 MP: 13/13
 13323 | Lair:3   | Reached skill level 10 in Crossbows
 13332 | Lair:3   | Found a staircase to the Shoals.
 13791 | Lair:4   | Found a staircase to the Snake Pit.
 14140 | Lair:4   | Got a twisted leather armour
 14141 | Lair:4   | Identified the +1 leather armour "Xurphyra" {rN+} (You
                  | found it on level 4 of the Lair of Beasts)
 14279 | Lair:5   | Reached skill level 10 in Shields
 14287 | Lair:5   | Reached skill level 10 in Armour
 15037 | Lair:6   | Entered Level 6 of the Lair of Beasts
 15448 | Lair:6   | Gained mutation: Your large and strong wings let you fly
                  | indefinitely. [Gargoyle growth]
 15448 | Lair:6   | Reached XP level 14. HP: 88/88 MP: 14/14
 15907 | Lair:6   | Reached ****** piety under Qazlal
 16781 | Lair:6   | Found a staircase to the Slime Pits.
 16790 | Lair:6   | Upgraded the game from 0.26-a0-1026-g544776af23 to
                  | 0.26-a0-1033-gd598b01645
 16972 | Lair:1   | Slain by a spriggan rider

Illustrated notes

Levels and vault maps discovered:
D:1:      saegor_arrival_simple_e, layout_basic, serial_forest,
          infiniplex_forest_clump_small, infiniplex_forest_join,
          infiniplex_forest_clump_diagonal, infiniplex_forest_straight_3,
          infiniplex_forest_lined_1, infiniplex_forest_side_room,
          infiniplex_forest_lined_2, infiniplex_forest_lined_room_,
          minmay_misc_feat_x, minmay_misc_feat_rows
D:2:      layout_loops_ring, lemuel_round_altar, lemuel_round_altar,
          grunt_decor_one_mirror, minmay_tetromino_t2, uniq_terence
D:3:      layout_basic, chequers_ecumenical_altar_simple, serial_bayou_pond_c,
          uniq_sigmund, uniq_natasha
D:4:      kennysheep_spiral_hall, layout_basic, lemuel_crystal_altar,
          kennysheep_generic_room_11, uniq_menkaure
D:5:      wad_crossroads, layout_basic, hangedman_decor_diamond_cutter,
          grunt_tough_drop, uniq_duvessa
D:6:      layout_gridville, old_standard_altar, lemuel_round_altar,
          temple_green, gup_sewer_entry_glass, uniq_eustachio
D:7:      layout_cave_pools, nicolae_overflow_hidden_temple,
          serial_column_ruins, column_ruins_hut, column_ruins_hut,
          column_ruins_corridor_straight, column_ruins_grid_1,
          column_ruins_grid_3, column_ruins_columns_straight,
          column_ruins_corridor_straight, column_ruins_open_large,
          column_ruins_columns_corner, tgw_fedhas
D:8:      minmay_the_grid_octo_tiled_squarecenter [minmay_the_grid_octo_teeth,
          minmay_the_grid_octo_vomiting_pacman, minmay_the_grid_octo_clover_2,
          minmay_the_grid_octo_checkered,
          minmay_the_grid_square_5x5_megaprize_crossed,
          minmay_the_grid_square_5x5_tri_point,
          minmay_the_grid_square_5x5_sharp_hourglass,
          minmay_the_grid_square_5x5_shuriken,
          minmay_the_grid_square_5x5_gyroscope], layout_loops_cross,
          kennysheep_nub
D:9:      layout_long_grid, trog_three_pillars_becter
D:10:     layout_long_grid, minmay_lair_entry_grove
Temple:   eino_temple_scatter_basement
Lair:1:   layout_regular_city, serial_bayou, serial_bayou_lake_a,
          serial_bayou_shore_a, serial_bayou_pond_d, serial_bayou_pond_a,
          serial_bayou_ford_a, gammafunk_ghost_wrathful_warriors,
          infiniplex_staircase_pool_2
Lair:2:   layout_concentric_octagons, infiniplex_staircase_pool
Lair:3:   layout_misc_corridors, elwin_shoals_entry_rooms, st_stairs_12,
          zaba_anthell
Lair:4:   layout_misc_corridors, dummy_snake_entry, grunt_megastairs_2
Lair:5:   layout_loops_ring, patterned_corridor, grunt_megastairs_3
Lair:6:   minmay_lair_end_enchanted_forest, layout_regular_city,
          dpeg_slime_entry_corner, serial_bayou_shore_b, grunt_megastairs_1

Skill      XL: |  1  2  3  4  5  6  7  8  9 10 11 12 13 14 |
---------------+-------------------------------------------+-----
Maces & Flails | 3 4 5 6 7 9 11 13 | 13.4
Fighting       | 4 5 6 7 9 10 11 | 11.7
Crossbows      | 1 6 9 10 | 10.0
Armour         | 4 6 8 11 12 | 12.2
Shields        | 4 6 8 11 12 | 12.3

Action                   |  1- 3 |  4- 6 |  7- 9 | 10-12 | 13-15 || total
-------------------------+-------+-------+-------+-------+-------++-------
Melee: Flail             |   131 |   198 |       |       |       ||   329
       Hand axe          |       |    16 |    89 |       |       ||   105
       Whip              |       |       |   370 |       |       ||   370
       Mace              |       |       |   119 |   123 |       ||   242
       Demon whip        |       |       |       |   506 |   547 ||  1053
 Fire: Hand crossbow     |       |       |       |    10 |       ||    10
 Abil: Fly               |       |       |       |       |     1 ||     1
Evoke: Wand              |       |       |       |     5 |     3 ||     8
  Use: Scroll            |       |     5 |    12 |     9 |    13 ||    39
       Potion            |       |     2 |     1 |     3 |     1 ||     7
 Stab: Sleeping          |       |       |       |     1 |       ||     1
Armor: Scale mail        |    48 |   168 |    17 |       |       ||   233
       Chain mail        |       |       |   197 |       |       ||   197
       Robe              |       |       |    20 |    22 |       ||    42
       Plate armour      |       |       |       |   181 |       ||   181
       Ring mail         |       |       |       |     4 |   132 ||   136
Dodge: Dodged            |    52 |    73 |    88 |    70 |    72 ||   355
       Repelled          |       |       |       |       |     1 ||     1
Block: Kite shield       |    75 |   125 |   220 |   288 |   339 ||  1047

Table legend: (Time is in decaauts)
 A = Elapsed time spent in this place.
 B = Non-inter-level travel time spent in this place.
 C = Inter-level travel time spent in this place.
 D = Time resting spent in this place.
 E = Time spent auto-exploring this place.
 F = Levels seen in this place.
 G = Mean time per level.
                   A        B        C        D        E       F      G
               +--------+--------+--------+--------+--------+-----+--------+
         Total |  16555 |  15740 |    815 |   2275 |  10314 |  18 |  919.7 |
       Dungeon |  10233 |   9744 |    489 |   1535 |   6109 |  10 | 1023.3 |
        Temple |     90 |     65 |     25 |      0 |     64 |   1 |   90.0 |
          Lair |   5938 |   5638 |    300 |    740 |   3955 |   6 |  989.7 |
         Sewer |    292 |    292 |      0 |      0 |    185 |   1 |  292.0 |
               +--------+--------+--------+--------+--------+-----+--------+

Top non-repeatable levels by time:
  Lair:6: 1491 daAuts
     D:6: 1247 daAuts
     D:8: 1185 daAuts
     D:5: 1184 daAuts
     D:2: 1142 daAuts
     D:7: 1125 daAuts
  Lair:1: 1078 daAuts
  Lair:5: 992 daAuts
     D:1: 991 daAuts
    D:10: 933 daAuts
     D:9: 912 daAuts
  Lair:3: 882 daAuts
  Lair:2: 809 daAuts
     D:3: 767 daAuts
     D:4: 744 daAuts
